 Dungeon Crawl Stone Soup version 0.31.0-32-g396128a36d (webtiles) character file.

Game seed: 14426898492808897862

28152 Baz the Fencer (level 13, -2/178 HPs)
             Began as a Minotaur Berserker on Mar 16, 2024.
             Was a High Priest of Trog.
             Slain by a wolf (3 damage)
             ... on level 3 of the Lair of Beasts.
             The game lasted 00:25:17 (14807 turns).

Baz the Fencer (Minotaur Berserker)                Turns: 14807, Time: 00:25:19

Health: -2/178     AC: 24    Str: 25    XL:     13   Next: 8%
Magic:  12/12      EV: 13    Int:  4    God:    Trog [*****.]
Gold:   273        SH:  0    Dex: 12    Spells: 12/12 levels left

rFire   . . .        L - +3 scimitar
rCold   + . .        (no shield)
rNeg    . . .        A - +7 chain mail of Limitation {Regen+}
rPois   +            (helmet restricted)
rElec   .            k - +0 cloak
rCorr   .            p - +0 pair of gloves
SInv    .            V - +0 pair of boots
Will    ++...        K - amulet of faith Stlth
                     z - ring of protection from cold
HPRegen 2.29/turn    U - ring of poison resistance
MPRegen 0.13/turn

%: faith
@: berserking, lethally poisoned (-2 -> -2), strong-willed, regenerating, very
quick
A: horns 2, retaliatory headbutt
a: Renounce Religion, Berserk, Trog's Hand, Brothers in Arms


You were on level 3 of the Lair of Beasts.
You worshipped Trog.
Trog was extremely pleased with you.
You visited 2 branches of the dungeon, and saw 14 of its levels.

You collected 706 gold pieces.
You spent 433 gold pieces at shops.

Inventory:

Hand Weapons
 L - a +3 scimitar (weapon)
 S - a +0 triple sword
Missiles
 b - 7 throwing nets (quivered)
 C - 6 javelins
Armour
 k - a +0 cloak (worn)
 p - a +0 pair of gloves (worn)
 A - the +7 chain mail of Limitation (worn) {Regen+}
   (You found it on level 10 of the Dungeon)

   Regen+:    It increases your rate of health regeneration.
 O - a +0 kite shield
 R - a +3 scale mail of poison resistance
 V - a +0 pair of boots (worn)
Jewellery
 r - a ring of magical power
 z - a ring of protection from cold (left hand)
 K - an amulet of faith (around neck)
 U - a ring of poison resistance (right hand)
 X - an amulet of magic regeneration
Wands
 v - a wand of roots (5)
 y - a wand of flame (48)
 G - a wand of polymorph (9)
 I - a wand of digging (3)
 M - a wand of light (8)
 T - a wand of charming (3)
 Y - a wand of mindburst (6)
Scrolls
 a - a scroll of brand weapon {unknown}
 c - 3 scrolls of amnesia {unknown}
 d - 3 scrolls of poison {unknown}
 i - 4 scrolls of revelation
 l - 3 scrolls of blinking
 m - 2 scrolls of teleportation
 s - a scroll of fog {unknown}
 u - a scroll of fear {unknown}
 x - 4 scrolls of noise {unknown}
 D - 3 scrolls of silence {unknown}
 E - 10 scrolls of identify {unknown}
 F - 2 scrolls of immolation {unknown}
 J - a scroll of torment {unknown}
 Q - 3 scrolls of enchant weapon {unknown}
 W - a scroll of vulnerability {unknown}
Potions
 e - 2 potions of brilliance
 f - 3 potions of haste {unknown}
 g - 7 potions of curing
 h - 4 potions of degeneration {unknown}
 j - 3 potions of resistance {unknown}
 n - 3 potions of lignification {unknown}
 o - 5 potions of might
 q - a potion of attraction {unknown}
 t - a potion of ambrosia {unknown}
 w - 5 potions of invisibility
 B - 2 potions of mutation {unknown}
 H - a potion of magic {unknown}
 P - 3 potions of heal wounds {unknown}
Miscellaneous
 N - a condenser vane


   Skills:
 + Level 12.6 Fighting
 * Level 17.0 Long Blades
 + Level 12.2 Armour
 + Level 11.3 Dodging


You had 12 spell levels left.
You didn't know any spells.
Your spell library was empty.

Dungeon Overview and Level Annotations

Branches:
Dungeon (11/15)            Temple (0/1) D:5            Lair (3/5) D:8
 Shoals (0/4) Lair:2       Spider (0/4) Lair:2
    Orc: D:9-12

Altars:
Ashenzari
Cheibriados
Dithmenos
Fedhas
Hepliaklqana
Makhleb
Okawaru
Qazlal
Sif Muna
Wu Jian
Yredelemnul
The Shining One
Jiyva

Shops:
D:10 ![(=[

Portals:
Abyss: D:9

Annotations:
D:8 3 runed translucent doors, riffraff's ghost, novice MiBe
D:9 2 transporters, purpleHaze's ghost, novice OpFi
Lair:1 3 runed translucent doors, Quickbrownfox's ghost, journeyman MiFi


Innate Abilities, Weirdness & Mutations

You have a pair of horns on your head.
You reflexively headbutt those who attack you in melee.


Message History

You closely miss the cane toad.
You headbutt the cane toad, but do no damage.
The cane toad is heavily wounded.
The wolf bites you but does no damage.
You barely miss the cane toad.
The cane toad is heavily wounded.
The cane toad completely misses you. The wolf bites you but does no damage.
You hit the wolf.
You headbutt the wolf, but do no damage.
The wolf is lightly wounded.
The cane toad stings you!
You are poisoned.
The cane toad poisons you! The wolf bites you but does no damage.
You hit the cane toad but do no damage.
You headbutt the cane toad, but do no damage.
The cane toad is heavily wounded.
You feel very sick. The wolf bites you.
* * * LOW HITPOINT WARNING * * *
The cane toad misses you.
You hit the cane toad.
The cane toad is heavily wounded.
You feel very sick. The wolf bites you.
* * * LOW HITPOINT WARNING * * *
The cane toad stings you but does no damage.
You slash the cane toad! Your headbutt misses the cane toad.
The cane toad is severely wounded.
You feel very sick. The wolf bites you.
* * * LOW HITPOINT WARNING * * *
The cane toad stings you!
* * * LOW HITPOINT WARNING * * *
A red film seems to cover your vision as you go berserk!
You feel yourself moving faster!
You feel mighty!
You feel very sick. The wolf bites you.
* * * LOW HITPOINT WARNING * * *
The wolf bites you.
You die...

#.##...#...##.........
##....####...###..[....
###....## #.#.P##
.#...# .#.....# ###..P#
###^# ...##### #P..##
..## ###..# .#.# #...##
..## ###..# ..# ##@##
...# #hF# ...P# ##h.#
...## ##.... ..P# ..#.#
.. ...... .#...8.
....... .#...8


You could see a cane toad and 2 wolves.

Vanquished Creatures
  A centaur warrior (D:8)
  A skyshark (Lair:3)
  A cyclops (D:8)
  A manticore (D:8)
  3 elephants (Lair:2)
  2 black mambas
  5 cane toads
  3 rime drakes
  A kobold demonologist (D:11)
  12 komodo dragons
  3 trolls
  A hornet (D:8)
  3 merfolk (Lair:2)
  A polar bear (Lair:2)
  4 blink frogs (Lair:2)
  4 dream sheep (Lair:3)
  A shadow (D:9)
  3 slime creatures (D:11)
  5 wyverns
  2 basilisks
  A wraith (D:8)
  31 yaks
  2 humans (D:7)
  11 vampire mosquitoes
  A steam dragon (D:6)
  12 water moccasins
  A sky beast (shapeshifter) (D:8)
  2 orc warriors
  A sky beast (D:8)
  4 black bears
  3 ogres (D:6)
  10 wolves
  5 centaurs
  A phantom (D:6)
  17 kobold brigands
  5 gnoll sergeants
  13 bullfrogs
  A scorpion (D:6)
  6 wights (D:8)
  A killer bee (D:8)
  6 howler monkeys
  2 vampire bats (D:9)
  3 bombardier beetles
  2 jellies
  A hound (D:4)
  6 orc priests
  A sleepcap (D:5)
  3 iguanas
  11 orc wizards
  9 adders
  25 gnolls
  A shadow imp (D:5)
  5 white imps
  6 ufetubi
  A ribbon worm (D:2)
  A dart slug (D:2)
  36 orcs
  8 ball pythons
  11 bats
  5 endoplasms
  6 giant cockroaches
  8 goblins
  6 hobgoblins
  6 jackals
  15 kobolds
  3 quokkas
  6 frilled lizards
  7 rats
385 creatures vanquished.

Notes
Turn   | Place    | Note
-------+----------+-------------------------------------------
     0 | D:1      | Baz the Minotaur Berserker began the quest for the Orb.
     0 | D:1      | Reached XP level 1. HP: 19/19 MP: 0/0
   143 | D:1      | Reached XP level 2. HP: 19/27 MP: 1/1
   144 | D:1      | Reached skill level 4 in Long Blades
   972 | D:2      | Reached XP level 3. HP: 33/33 MP: 2/2
  1005 | D:2      | Reached ** piety under Trog
  1414 | D:2      | Reached XP level 4. HP: 40/40 MP: 3/3
  2087 | D:3      | Reached skill level 5 in Long Blades
  2111 | D:3      | Reached XP level 5. HP: 47/47 MP: 4/4
  2927 | D:4      | Found a burning altar of Makhleb.
  2927 | D:4      | Found a broken altar of Ashenzari.
  2933 | D:4      | Found a hazy altar of Hepliaklqana.
  2936 | D:4      | Found a glowing golden altar of the Shining One.
  2937 | D:4      | Found a basalt altar of Yredelemnul.
  2949 | D:4      | Found a shadowy altar of Dithmenos.
  2950 | D:4      | Found an ornate altar of the Wu Jian Council.
  3066 | D:4      | Reached XP level 6. HP: 46/55 MP: 5/5
  3226 | D:4      | Reached skill level 5 in Fighting
  3226 | D:4      | Reached skill level 6 in Long Blades
  3507 | D:5      | Entered Level 5 of the Dungeon
  3538 | D:5      | Reached *** piety under Trog
  4081 | D:5      | Found a staircase to the Ecumenical Temple.
  4210 | D:5      | Reached XP level 7. HP: 51/61 MP: 6/6
  4375 | D:5      | Found a stormy altar of Qazlal.
  4584 | D:6      | Reached skill level 7 in Long Blades
  4671 | D:6      | Reached skill level 5 in Armour
  4907 | D:6      | You fall into a shaft and drop 2 floors!
  5157 | D:6      | Reached XP level 8. HP: 70/70 MP: 7/7
  5251 | D:6      | Reached skill level 8 in Long Blades
  5251 | D:6      | Reached skill level 5 in Dodging
  5740 | D:6      | Reached skill level 9 in Long Blades
  6249 | D:7      | Found an iron altar of Okawaru.
  6274 | D:7      | Reached XP level 9. HP: 59/79 MP: 8/8
  6951 | D:7      | Reached skill level 10 in Long Blades
  7198 | D:8      | Found a snail-covered altar of Cheibriados.
  7234 | D:8      | Reached **** piety under Trog
  7400 | D:8      | Found a blossoming altar of Fedhas.
  7537 | D:8      | Found a runed translucent gate.
  7537 | D:8      | Found a runed translucent gate.
  7537 | D:8      | Found a runed translucent gate.
  7540 | D:8      | Noticed riffraff's ghost (novice MiBe)
  7584 | D:8      | Noticed a komodo dragon
  7586 | D:8      | Paralysed by a hornet for 1 turns
  7606 | D:8      | Killed a komodo dragon
  7610 | D:8      | Reached skill level 11 in Long Blades
  7616 | D:8      | Noticed a komodo dragon
  7623 | D:8      | Killed a komodo dragon
  7740 | D:8      | Noticed a centaur warrior
  7751 | D:8      | Killed a centaur warrior
  7752 | D:8      | Reached XP level 10. HP: 41/90 MP: 9/9
  8056 | D:8      | Noticed a cyclops
  8074 | D:8      | Killed a cyclops
  8075 | D:8      | Reached skill level 12 in Long Blades
  8446 | D:8      | Noticed a manticore
  8469 | D:8      | Killed a manticore
  9161 | D:8      | Found a staircase to the Lair.
  9301 | D:8      | Reached skill level 13 in Long Blades
  9367 | D:8      | Found a viscous altar of Jiyva.
  9772 | D:9      | Identified the +1 robe "Forget-Me-Not" {rC+ rN+}
  9924 | D:9      | Found the +2 hood of the Assassin {Detect Stab+ Stlth++}
 10310 | D:9      | Found a transporter.
 10365 | D:9      | Reached XP level 11. HP: 99/99 MP: 10/10
 10907 | D:9      | Found a transporter.
 10909 | D:9      | Noticed an arcanist
 10914 | D:9      | Found a one-way gate to the infinite horrors of the Abyss.
 10920 | D:9      | Noticed purpleHaze's ghost (novice OpFi)
 10954 | D:10     | Entered Level 10 of the Dungeon
 10997 | D:10     | Reached skill level 10 in Fighting
 11000 | D:10     | Found Netoij's Armour Emporium.
 11071 | D:10     | Bought a +3 scale mail of poison resistance for 345 gold
                  | pieces
 11164 | D:10     | Found Uxerphoa's Armour Shop.
 11191 | D:10     | Found Kuufiu's Weapon Shop.
 11282 | D:10     | Found Vicatogg's Distillery.
 11288 | D:10     | Found a shimmering blue altar of Sif Muna.
 11289 | D:10     | Bought a potion of invisibility for 88 gold pieces
 11349 | D:10     | Identified the +7 chain mail of Limitation {Regen+}
 11378 | D:10     | Found Lital's Jewellery Shop.
 11690 | D:11     | Reached skill level 14 in Long Blades
 11690 | D:11     | Reached skill level 10 in Armour
 11701 | D:11     | HP: 3/151 [very large slime creature (22)]
 11958 | D:11     | Reached ***** piety under Trog
 11979 | D:11     | Noticed a two-headed ogre
 12143 | D:11     | Noticed a sun demon
 12354 | Lair:1   | Entered Level 1 of the Lair of Beasts
 12547 | Lair:1   | Reached skill level 15 in Long Blades
 12592 | Lair:1   | Reached skill level 10 in Dodging
 12600 | Lair:1   | Reached XP level 12. HP: 93/110 MP: 11/11
 12686 | Lair:1   | Received a gift from Trog
 12997 | Lair:1   | Found a runed translucent gate.
 13001 | Lair:1   | Found a runed translucent gate.
 13001 | Lair:1   | Noticed Quickbrownfox's ghost (journeyman MiFi)
 13002 | Lair:1   | Found a runed translucent gate.
 13441 | Lair:2   | Reached skill level 16 in Long Blades
 13666 | Lair:2   | Found a hole to the Spider Nest.
 14160 | Lair:2   | Found a staircase to the Shoals.
 14755 | Lair:3   | Reached XP level 13. HP: 119/119 MP: 12/12
 14792 | Lair:3   | Reached skill level 17 in Long Blades
 14806 | Lair:3   | HP: 4/119 [cane toad (17)]
 14807 | Lair:3   | HP: 1/178 [wolf (4)]
 14807 | Lair:3   | Slain by a wolf

Illustrated notes

Levels and vault maps discovered:
D:1:      minmay_arrival_wavy_path, layout_basic
D:2:      layout_basic
D:3:      layout_rooms, chequers_avenue
D:4:      layout_basic, nicolae_overflow_hallway_of_the_gods
D:5:      layout_cave_pods, mainiacjoe_overflow_catwalk,
          minmay_temple_entry_large_hall
D:6:      layout_loops_corners, nrook_uturn, minmay_chambers_of_fives
D:7:      layout_gridville, okawaru_humans
D:8:      layout_basic, lemuel_tele_altar, fedhas_altar_3,
          grunt_lair_entry_orc_guard_hut, gammafunk_ghost_ooze,
          minmay_shattered_shrine
D:9:      layout_layer_cave, gammafunk_ghost_abyssal_escape, roderic_batcave
D:10:     layout_cave_pools, nicolae_overflow_hidden_temple, serial_shops, shop,
          shop, nicolae_shop_industrial_runoff,
          nicolae_shop_tiny_real_fake_doors, nicolae_shop_bloodbath_and_beyond,
          kennysheep_generic_room_12
D:11:     layout_loops_cross, special_room [special_room_kobold],
          minmay_joined_circles
Lair:1:   layout_roguey, gammafunk_ghost_split, grunt_megastairs_5
Lair:2:   layout_cave_pods, mainiacjoe_shoals_entry_four_pools,
          dummy_spider_entry, beast_lair_carwin_8
Lair:3:   layout_cave_pods, kennysheep_basilisk_garden, grunt_megastairs_2,
          serial_bayou_shore_b

Skill      XL: |  1  2  3  4  5  6  7  8  9 10 11 12 13 |
---------------+----------------------------------------+-----
Long Blades    | 4 5 6 7 9 11 13 15 16 17 | 17.0
Fighting       | 4 5 6 7 8 9 11 12 | 12.6
Armour         | 3 4 5 6 8 9 10 12 | 12.2
Dodging        | 3 4 6 7 8 10 11 | 11.3

Action                     |  1- 3 |  4- 6 |  7- 9 | 10-12 | 13-15 || total
---------------------------+-------+-------+-------+-------+-------++-------
  Melee: Falchion          |    79 |   210 |    66 |       |       ||   355
         Headbutt          |     7 |    30 |    49 |   186 |     8 ||   280
         Punch             |       |     2 |     2 |    14 |       ||    18
         Long sword        |       |       |   168 |    87 |       ||   255
         Scimitar          |       |       |       |   779 |    51 ||   830
 Invoke: Trog's Hand       |     2 |       |     4 |     5 |     1 ||    12
         Berserk           |     1 |     2 |     7 |     5 |     1 ||    16
  Evoke: Wand              |       |       |     3 |       |       ||     3
    Use: Potion            |       |       |     3 |       |       ||     3
         Scroll            |       |       |     2 |       |       ||     2
 Armour: Animal skin       |    29 |       |       |       |       ||    29
         Leather armour    |    17 |    50 |       |       |       ||    67
         Scale mail        |       |    94 |   194 |   161 |       ||   449
         Chain mail        |       |       |       |   361 |    82 ||   443
  Dodge: Dodged            |    53 |   197 |   136 |   384 |    38 ||   808
